 Seeded DCSS version 0.30-a0-948-g4fa250aae5 (webtiles) character file.

Game seed: 3841577309390396182 (custom seed)

81 bmack86 the Trooper (level 4, -1/41 HPs)
             Began as a Minotaur Fighter on Mar 26, 2023.
             Slain by Crazy Yiuf
             ... wielding a +2 quarterstaff of chaos
              (11 damage)
             ... on level 2 of the Dungeon.
             The game lasted 00:03:39 (1674 turns).

bmack86 the Trooper (Minotaur Fighter)              Turns: 1674, Time: 00:03:39

Health: -1/41      AC:  0    Str: 22    XL:     4   Next: 19%
Magic:  0/3        EV: 13    Int:  5    God:
Gold:   122        SH:  0    Dex: 10    Spells: 3/3 levels left

rFire   . . .      SeeInvis .    a - melded +0 war axe
rCold   . . .      Faith    .    c - melded +0 buckler
rNeg    . . .      Spirit   +    b - melded +0 scale mail
rPois   .          Reflect  .    (helmet currently unavailable)
rElec   .          Rampage  .    (cloak currently unavailable)
rCorr   .                        (gloves currently unavailable)
Will    .....                    (boots currently unavailable)
Stlth   +                        j - amulet of guardian spirit
HPRegen 0.26/turn                (ring currently unavailable)
MPRegen 0.08/turn                (ring currently unavailable)

@: lethally poisoned (-1 -> -3), pig-form, studying Fighting, very quick
A: fast, no casting, small, (horns 2), (retaliatory headbutt)
a: no special abilities


You were on level 2 of the Dungeon.
You were a filthy swine.
You visited 1 branch of the dungeon, and saw 2 of its levels.

You collected 122 gold pieces.

Inventory:

Hand Weapons
 a - a +0 war axe (melded)
Missiles
 g - 3 datura-tipped darts (quivered)
 n - a throwing net
 r - 4 poisoned darts
Armour
 b - a +0 scale mail (melded)
 c - a +0 buckler (melded)
Jewellery
 j - an amulet of guardian spirit (around neck)
Wands
 p - a wand of charming (7)
Scrolls
 e - a scroll of blinking {unknown}
 f - a scroll of noise {unknown}
 i - 2 scrolls of immolation {unknown}
 l - 2 scrolls of magic mapping {unknown}
 o - a scroll of teleportation {unknown}
 q - a scroll of amnesia {unknown}
Potions
 d - a potion of might
 h - 3 potions of curing {unknown}
 k - 2 potions of magic {unknown}
 m - 4 potions of mutation {unknown}
 s - a potion of haste {unknown}
 t - a potion of degeneration {unknown}
 u - a potion of flight {unknown}


   Skills:
 + Level 4.4 Fighting
 * Level 3.8 Axes
 + Level 0.8 Throwing
 + Level 4.1 Armour
 + Level 4.2 Shields


You had 3 spell levels left.
You didn't know any spells.
Your spell library contained the following spells:

 Spells                   Type           Power      Damage    Failure   Level
 Ignite Poison            Fire/Tmut/Pois 0%         N/A       85%         3
 Kindle Blastsparks       Fire/Tloc/Air  0%         2d10      85%         3
 Freezing Cloud           Conj/Ice/Air   0%         6-21      100%        5


Dungeon Overview and Level Annotations

Branches:
Dungeon (2/15)

Altars:

Annotations:
D:2 Crazy Yiuf


Innate Abilities, Weirdness & Mutations

You are a filthy swine.
You move quickly.
Your equipment is almost entirely melded.
You are incapable of wielding weapons or throwing items.
You cannot cast spells.
((You have a pair of horns on your head.))
((You reflexively headbutt those who attack you in melee.))


Message History

You closely miss the kobold. The kobold hits you but does no damage.
You slash the kobold!
You kill the kobold!
Things that are here:
a +0 dagger; 4 stones; a kobold corpse
m - 4 murky cyan potions (gained 1)
You see here a ball python corpse.
As you open the door, it creaks loudly!
There is an open door here.
There is an open door here.
Crazy Yiuf shouts!
You open the door. You hit Crazy Yiuf.
Crazy Yiuf is lightly wounded.
Crazy Yiuf hits you with a +2 quarterstaff of chaos!
You are poisoned.
Crazy Yiuf zaps a wand.
You resist with some effort.
You hit Crazy Yiuf but do no damage.
Crazy Yiuf is lightly wounded.
You feel very sick.
Crazy Yiuf hits you with a +2 quarterstaff of chaos!
Crazy Yiuf burns you.
You slash Crazy Yiuf!
Crazy Yiuf is severely wounded.
You feel sick.
Crazy Yiuf hits you with a +2 quarterstaff of chaos.
Crazy Yiuf freezes you.
* * * LOW HITPOINT WARNING * * *
Crazy Yiuf yells, "Mugger!"
Crazy Yiuf barely misses you.
You closely miss Crazy Yiuf.
Crazy Yiuf is severely wounded.
You feel sick.
Crazy Yiuf zaps a wand.
You turn into a filthy swine.
Your +0 war axe melds into your body.
Your +0 buckler melds into your body.
Your +0 scale mail melds into your body.
You hit Crazy Yiuf.
Crazy Yiuf is almost dead.
You feel sick.
Crazy Yiuf hits you with a +2 quarterstaff of chaos!
You die...

###.#
#....#####.#...###..
....# #....#
##.#...###.. #####
♣....♣ #..#........
♣...♣♣ #####......#
♣♣.♣♣ #####..#####
♣.♣♣ #......# ♣♣.♣
#####.## ♣.♣♣ #.#
♣♣h♣ #####.# ### #g#
#..##.####.. ######
... #..........#
.....# #...#
#..##.#..... .###.#
#..)# ####..).###.
.# #.# ##### #.)...#
## .###.###
##....#### .......#
######### ##.#.....
.###.#.# #.......#
#.######


You could see Crazy Yiuf.

Vanquished Creatures
  Natasha (D:2)
  An adder (D:2)
  5 ball pythons
  5 endoplasms
  A giant cockroach (D:2)
  6 goblins
  5 hobgoblins
  4 jackals (D:1)
  A quokka (D:2)
  A bat (D:2)
  A frilled lizard (D:2)
  5 kobolds
  4 rats
40 creatures vanquished.

Notes
Turn   | Place    | Note
-------+----------+-------------------------------------------
     0 | D:1      | bmack86 the Minotaur Fighter began the quest for the Orb.
     0 | D:1      | Reached XP level 1. HP: 19/19 MP: 0/0
   102 | D:1      | Reached XP level 2. HP: 13/27 MP: 1/1
   653 | D:1      | Reached XP level 3. HP: 33/33 MP: 2/2
  1343 | D:2      | Found a runed translucent door.
  1344 | D:2      | Noticed Crazy Yiuf
  1429 | D:2      | Noticed Natasha
  1437 | D:2      | Killed Natasha
  1438 | D:2      | Reached XP level 4. HP: 25/41 MP: 1/3
  1674 | D:2      | Slain by Crazy Yiuf

Illustrated notes

Levels and vault maps discovered:
D:1:      psy_arrival_basics, layout_loops_ring
D:2:      layout_loops_corners, minivault_4, uniq_crazy_yiuf_cottage,
          uniq_natasha

Skill      XL: |  1  2  3 |
---------------+----------+-----
Axes           | 3 |  3.8
Shields        | 4 |  4.2
Fighting       | 4 |  4.4
Armour         | 4 |  4.1
Throwing       | |  0.8

Action                     |  1- 3 |  4- 6 || total
---------------------------+-------+-------++-------
  Melee: War axe           |    71 |     9 ||    80
         Headbutt          |     8 |       ||     8
         Unarmed           |       |     1 ||     1
 Armour: Scale mail        |    30 |     2 ||    32
  Dodge: Dodged            |    43 |     3 ||    46
  Block: Buckler           |    14 |     1 ||    15

Table legend: (Time is in decaauts)
 A = Elapsed time spent in this place.
 B = Non-inter-level travel time spent in this place.
 C = Inter-level travel time spent in this place.
 D = Time resting spent in this place.
 E = Time spent auto-exploring this place.
 F = Levels seen in this place.
 G = Mean time per level.
                   A        B        C        D        E       F      G
               +--------+--------+--------+--------+--------+-----+--------+
         Total |   1705 |   1699 |      6 |      0 |   1303 |   2 |  852.5 |
       Dungeon |   1705 |   1699 |      6 |      0 |   1303 |   2 |  852.5 |
               +--------+--------+--------+--------+--------+-----+--------+

Top non-repeatable levels by time:
     D:2: 921 daAuts
     D:1: 784 daAuts
